 Dungeon Crawl Stone Soup version 0.23.0-3-gf3c87f2 (webtiles) character file.

Game seed: 10820835290577703843

5432 Frank the Covert (level 10, -10/61 HPs)
             Began as an Octopode Fighter on Feb 22, 2019.
             Was an Initiate of Makhleb.
             Killed from afar by a deep elf mage (40 damage)
             ... with a bolt of lightning
             ... on level 9 of the Dungeon.
             The game lasted 00:20:14 (9078 turns).

Frank the Covert (Octopode Fighter)                 Turns: 9078, Time: 00:20:18

Health: -10/61     AC:  3    Str: 15    XL:     10   Next: 67%
Magic:  15/15      EV: 15    Int: 11    God:    Makhleb [......]
Gold:   606        SH: 12    Dex: 15    Spells: 9/9 levels left

rFire    . . .     SeeInvis .   l - +5 falchion of Mayhem {drain, Stlth+}
rCold    . . .     Gourm    .   b - +2 shield
rNeg     + + +     Faith    .   (helmet restricted)
rPois    .         Spirit   .   (no amulet)
rElec    .         Reflect  .   j - ring of positive energy
rCorr    .         Harm     .   k - ring of stealth
MR       .....                  e - ring of positive energy
Stlth    +++++++...             r - ring of positive energy
HPRegen  0.20/turn              (no ring)
MPRegen  0.14/turn              (no ring)
                                (no ring)
                                (no ring)

@: no status effects
A: almost no armour, stealthy swim, amphibious, 8 rings, constrict 8, fangs 1,
icy blue scales 1, camouflage 1, frail 1, gelatinous body 1, no potion heal 1
a: Renounce Religion


You were on level 9 of the Dungeon.
You worshipped Makhleb.
Makhleb was noncommittal.
You were not hungry.

You visited 2 branches of the dungeon, and saw 10 of its levels.
You also visited: Ossuary.

You collected 666 gold pieces.
You spent 60 gold pieces at shops.

Inventory:

Hand Weapons
 a - a +1 long sword
 l - the +5 falchion of Mayhem (weapon) {drain, Stlth+}
   (You found it on level 5 of the Dungeon)

   A truly terrible weapon, it drains the life of those it strikes.
   It makes you more stealthy.
Armour
 b - a +2 shield (worn)
Jewellery
 e - a ring of positive energy (on tentacle)
 j - a ring of positive energy (left tentacle)
 k - a ring of stealth (right tentacle)
 r - a ring of positive energy (on tentacle)
 v - an uncursed ring of protection from cold {unknown}
Wands
 n - a wand of clouds (1)
 p - a wand of acid (11)
 w - a wand of disintegration (10)
Scrolls
 c - a scroll of magic mapping
 f - 2 scrolls of teleportation
 i - 3 scrolls of fear
 u - a scroll of amnesia
 x - a scroll of summoning {unknown}
 y - 2 scrolls of identify
 z - a scroll of enchant armour
Potions
 g - a potion of ambrosia {unknown}
 h - 2 potions of haste
 m - 3 potions of curing
 o - a potion of agility
 q - 3 potions of might
 s - a potion of invisibility
 t - a potion of flight
 A - a potion of heal wounds
 B - a potion of brilliance
Comestibles
 d - 17 rations


   Skills:
 + Level 6.1 Fighting
 + Level 9.1 Long Blades
 + Level 5.7 Dodging
 + Level 9.4 Stealth
 + Level 5.9 Shields
 * Level 6.8 Evocations


You had 9 spell levels left.
You didn't know any spells.
Your spell library was empty.

Dungeon Overview and Level Annotations

Branches:
Dungeon (9/15)             Temple (1/1) D:5
   Lair: D:8-11         Orc: D:9-12

Altars:
Ashenzari
Cheibriados
Dithmenos
Elyvilon
Fedhas
Gozag
Hepliaklqana
Kikubaaqudgha
Makhleb
Nemelex Xobeh
Okawaru
Qazlal
Ru
Sif Muna
Trog
Uskayaw
Vehumet
Wu Jian
Xom
Yredelemnul
Zin
The Shining One

Shops:
D:8 !   D:9 !


Innate Abilities, Weirdness & Mutations

You cannot wear most types of armour.
You are very stealthy in the water. (Stealth+)
You are amphibious.
You can wear up to eight rings at the same time.
You can use your tentacles to constrict eight enemies at once.
Your skin changes colour to match your surroundings (Stealth+).
Your rubbery body absorbs attacks. (AC +1, EV +1)
You have very sharp teeth.
You are partially covered in icy blue scales. (AC +2)
You are frail. (-10% HP)
Potions are less effective at restoring your health.


Message History

You feel a bit more experienced.
You hit the orc. Your grab misses the orc.
The orc is almost dead.
The orc hits you but does no damage.
You closely miss the orc. You grab the orc. You bite the orc, but do no damage.
The orc is almost dead.
You constrict the orc.
You kill the orc!
Makhleb accepts your kill.
You slash the crimson imp! You grab the crimson imp. You bite the crimson imp.
The crimson imp is almost dead.
You constrict the crimson imp, but do no damage.
The crimson imp struggles to blink free from constriction.
You slash the crimson imp!
You kill the crimson imp!
Makhleb accepts your kill.
The deep elf mage points at you and mumbles some strange words.
The bolt of lightning hits you!!!
Ouch! That really hurt!
You die...

### ... ...
..# ..# #.#
..# #.# ..#
#.# ..# #@#
..# #[###).#
#.e....#.
#.##)..'{.o.
#.##...'....
#.###..#e...
#.# #..# ...
#.# #..# ##
#.###..#


You could see a deep elf mage.

Vanquished Creatures
  A hippogriff (D:9)
  A spriggan (D:7)
  Eustachio (D:5)
  Grum (D:9)
  2 hungry ghosts (D:8)
  Menkaure (D:4)
  Edmund (D:4)
  Duvessa (D:5)
  A water moccasin (D:7)
  2 sky beasts
  An orc warrior (D:8)
  2 phantoms
  2 ice beasts (D:6)
  4 ogres
  4 wolves (D:9)
  6 centaurs
  3 bullfrogs
  Dowan (D:5)
  4 killer bees (D:9)
  4 wights (D:8)
  5 howler monkeys
  2 crimson imps
  5 orc priests
  2 quasits
  2 jellies
  A human zombie (Ossuary)
  3 hounds
  15 orc wizards
  2 bullfrog skeletons (D:7)
  3 iguanas
  5 worker ants
  A big kobold zombie (Ossuary)
  A hound skeleton (D:4)
  4 mummies (Ossuary)
  A worker ant zombie (D:7)
  5 gnolls (D:5)
  A howler monkey skeleton (D:4)
  9 adders
  5 shadow imps
  3 oozes
  4 worms
  2 dart slugs
  6 leopard geckos
  41 orcs
  2 ball pythons (D:1)
  4 giant cockroaches
  6 goblins
  11 hobgoblins
  2 jackals (D:5)
  6 quokkas
  9 bats
  7 frilled lizards
  3 hobgoblin zombies (Ossuary)
  3 kobolds
  2 kobold zombies (Ossuary)
  An orc zombie (Ossuary)
  7 rats
234 creatures vanquished.

Vanquished Creatures (others)
  4 toadstools (D:5)
4 creatures vanquished.

Grand Total: 238 creatures vanquished

Notes
Turn   | Place    | Note
-------+----------+-------------------------------------------
     0 | D:1      | Frank the Octopode Fighter began the quest for the Orb.
     0 | D:1      | Reached XP level 1. HP: 16/16 MP: 1/1
   108 | D:1      | Reached XP level 2. HP: 6/21 MP: 2/2
   702 | D:1      | Reached XP level 3. HP: 26/26 MP: 3/3
   903 | D:2      | Reached skill level 1 in Stealth
  1110 | D:2      | Found a faded altar of an unknown god.
  1203 | D:2      | Found a glowing golden altar of the Shining One.
  1367 | D:2      | Reached XP level 4. HP: 19/31 MP: 4/4
  2115 | D:3      | Reached XP level 5. HP: 23/36 MP: 5/5
  2329 | D:3      | Reached XP level 6. HP: 6/43 MP: 6/6
  2993 | D:3      | Found a sacrificial altar of Ru.
  3397 | D:4      | Found a sand-covered staircase.
  3511 | Ossuary  | Entered an ossuary
  4055 | Ossuary  | Reached XP level 7. HP: 15/48 MP: 7/7
  4290 | Ossuary  | Gained mutation: Potions are less effective at restoring
                  | your health. [potion of mutation]
  4290 | Ossuary  | Gained mutation: You occasionally shout uncontrollably at
                  | your foes. [potion of mutation]
  4290 | Ossuary  | Gained mutation: You are weak. (Str -2) [potion of
                  | mutation]
  4290 | Ossuary  | Gained mutation: You are robust. (+10% HP) [potion of
                  | mutation]
  4291 | Ossuary  | Lost mutation: You are weak. (Str -2) [potion of mutation]
  4291 | Ossuary  | Lost mutation: You are robust. (+10% HP) [potion of
                  | mutation]
  4291 | Ossuary  | Lost mutation: You occasionally shout uncontrollably at
                  | your foes. [potion of mutation]
  4291 | Ossuary  | Gained mutation: You are frail. (-10% HP) [potion of
                  | mutation]
  4291 | Ossuary  | Gained mutation: You are partially covered in icy blue
                  | scales. (AC +2) [potion of mutation]
  4291 | Ossuary  | Gained mutation: You have very sharp teeth. [potion of
                  | mutation]
  4329 | D:4      | Reached skill level 5 in Long Blades
  4430 | D:4      | Reached skill level 1 in Evocations
  4482 | D:4      | Found a basalt altar of Yredelemnul.
  4485 | D:4      | Noticed Edmund
  4495 | D:4      | Killed Edmund
  4531 | D:4      | Noticed Menkaure
  4538 | D:4      | Killed Menkaure
  4845 | D:4      | Reached skill level 5 in Stealth
  4845 | D:4      | Reached XP level 8. HP: 20/48 MP: 9/9
  5756 | D:5      | Entered Level 5 of the Dungeon
  5792 | D:5      | Noticed Duvessa
  5792 | D:5      | Noticed Dowan
  5814 | D:5      | Killed Duvessa
  5830 | D:5      | Killed Dowan
  5905 | D:5      | Got a brightly glowing falchion
  5906 | D:5      | Identified the +5 falchion of Mayhem {drain, Stlth+} (You
                  | found it on level 5 of the Dungeon)
  6029 | D:5      | Noticed Eustachio
  6041 | D:5      | Killed Eustachio
  6251 | D:5      | Reached XP level 9. HP: 18/54 MP: 12/12
  6679 | D:5      | Found a staircase to the Ecumenical Temple.
  6736 | Temple   | Entered the Ecumenical Temple
  6976 | D:6      | Reached skill level 5 in Fighting
  7261 | D:6      | Found an ornate altar of the Wu Jian Council.
  7261 | D:6      | Found a stormy altar of Qazlal.
  7262 | D:6      | Found a blossoming altar of Fedhas.
  7461 | D:6      | Found a sacrificial altar of Ru.
  7461 | D:6      | Found an ancient bone altar of Kikubaaqudgha.
  7461 | D:6      | Found a shimmering altar of Xom.
  7705 | D:7      | Reached skill level 5 in Shields
  7706 | D:7      | Reached skill level 5 in Evocations
  7817 | D:7      | Found a deep blue altar of Sif Muna.
  7864 | D:7      | Reached skill level 5 in Dodging
  8168 | D:8      | Reached XP level 10. HP: 37/59 MP: 14/14
  8196 | D:8      | Found Ypnuwib's Distillery.
  8310 | D:8      | Found a snail-covered altar of Cheibriados.
  8467 | D:8      | Bought a potion of heal wounds for 60 gold pieces
  8514 | D:8      | Found a basalt altar of Yredelemnul.
  8557 | D:8      | Found a burning altar of Makhleb.
  8605 | D:8      | Found an iron altar of Okawaru.
  8643 | D:8      | Found a shadowy altar of Dithmenos.
  8793 | D:8      | Became a worshipper of Makhleb the Destroyer
  8822 | D:9      | Found Kisyar's Distillery.
  8822 | D:9      | Noticed Grum
  8831 | D:9      | Killed Grum
  9071 | D:9      | Noticed a deep elf mage
  9078 | D:9      | Killed from afar by a deep elf mage

Skill      XL: |  1  2  3  4  5  6  7  8  9 10 |
---------------+-------------------------------+-----
Stealth        | 2 3 5 6 8 9 |  9.4
Long Blades    | 3 4 6 7 8 9 |  9.1
Shields        | 4 5 |  5.9
Fighting       | 4 5 6 |  6.1
Evocations     | 2 4 5 6 |  6.8
Dodging        | 4 5 |  5.7

Action                   |  1- 3 |  4- 6 |  7- 9 | 10-12 || total
-------------------------+-------+-------+-------+-------++-------
Melee: Long sword        |    58 |   123 |    81 |       ||   262
       Constrict         |    19 |    31 |    45 |    29 ||   124
       Tentacles         |    19 |    27 |    49 |    30 ||   125
       Bite              |       |       |    30 |    14 ||    44
       Falchion          |       |       |   132 |   125 ||   257
Evoke: Wand              |       |       |     4 |     1 ||     5
  Use: Scroll            |     4 |    11 |     6 |       ||    21
       Potion            |       |     2 |     6 |       ||     8
 Stab: Sleeping          |     6 |    11 |    17 |     6 ||    40
       Confused          |       |       |     2 |       ||     2
       Distracted        |       |       |     1 |       ||     1
  Eat: Chunk             |       |     9 |    13 |     7 ||    29
Armor: Skin              |     3 |     4 |    33 |     5 ||    45
Dodge: Dodged            |    30 |    41 |    81 |    50 ||   202
Block: Shield            |    34 |    49 |   102 |    57 ||   242
       Rpst.: Long sword |    10 |    13 |     5 |       ||    28
       Falchion          |       |       |    16 |    14 ||    30
